 Dungeon Crawl Stone Soup version 0.31-a0-978-g1e143483b6 (webtiles) character file.

Game seed: 11905689778193714074

40 timneilson the Ruffian (level 3, -4/23 HPs)
             Began as an Octopode Shapeshifter on Oct 30, 2023.
             Slain by Terence
             ... wielding a +0 mace
              (6 damage)
             ... on level 3 of the Dungeon.
             The game lasted 00:03:17 (1771 turns).

timneilson the Ruffian (Octopode Shapeshifter)      Turns: 1771, Time: 00:03:18

Health: -4/23      AC:  1    Str: 15    XL:     3   Next: 50%
Magic:  3/3        EV: 13    Int: 12    God:
Gold:   174        SH:  0    Dex: 11    Spells: 3/3 levels left

rFire   . .          .
                       - Unarmed
rCold   . . .        (no shield)
rNeg    . . .        (helmet currently unavailable)
rPois   .            (no amulet)
rElec   .            (no ring)
rCorr   .            (no ring)
SInv    .            (no ring)
Will    .....        (no ring)
Stlth   ++           (no ring)
HPRegen 0.23/turn    (no ring)
MPRegen 0.08/turn    (no ring)
                     (no ring)

%: no passive effects
@: beast-form
A: beast (slay +1), almost no armour, amphibious, 8 rings, camouflage 1,
gelatinous body 1, (nimble swimmer 1), tentacles
a: Begin Untransformation


You were on level 3 of the Dungeon.
You were a hulking beast.
You visited 1 branch of the dungeon, and saw 3 of its levels.

You collected 174 gold pieces.

Inventory:

Talismans
 b - a beast talisman
 c - a flux talisman
Scrolls
 i - a scroll of enchant armour {unknown}
 k - a scroll of identify
Potions
 a - 2 potions of lignification
 d - a potion of attraction {unknown}
 e - 2 potions of haste {unknown}
 f - a potion of mutation {unknown}
 g - a potion of resistance {unknown}
 h - 2 potions of curing
 j - a potion of enlightenment {unknown}


   Skills:
 * Level 1.6 Fighting
 * Level 2.4 Dodging
 + Level 1.0 Stealth
 * Level 3.3 Unarmed Combat
 + Level 0.6 Spellcasting
 * Level 3.2 Shapeshifting


You had 3 spell levels left.
You didn't know any spells.
Your spell library was empty.

Dungeon Overview and Level Annotations

Branches:
Dungeon (3/15)

Altars:

Annotations:
D:3 Terence


Innate Abilities, Weirdness & Mutations

You are a hulking beast.
Your limbs bulge with bestial killing power. (Slay +1)
You cannot wear most types of armour.
You are amphibious.
You can wear up to eight rings at the same time.
Your skin changes colour to match your surroundings (Stealth+).
Your rubbery body absorbs attacks. (AC +1, EV +1)
((You are camouflaged when in or above water. (Stealth+)))
You have tentacles for arms and can constrict up to eight enemies at once.


Message History

You hear the slow rusting of a very distant drain.
Found 14 gold pieces.
Found a scroll of identify.
You now have 147 gold pieces (gained 14).
Found 11 gold pieces.
k - a scroll of identify
Found 16 gold pieces.
You now have 158 gold pieces (gained 11).
A worm comes into view.
You bludgeon the worm! You grab the worm.
The worm is heavily wounded.
You constrict the worm. You completely miss the worm.
The worm is heavily wounded.
You constrict the worm. The worm misses you.
You tentacle-slap the worm.
The worm is heavily wounded.
You constrict the worm. You tentacle-slap the worm.
The worm is almost dead.
You constrict the worm.
You kill the worm!
You now have 174 gold pieces (gained 16).
Terence the Incautious comes into view.
He is wielding a +0 mace.
Terence shouts!
You closely miss Terence. You grab Terence. You squeeze Terence!
Terence is heavily wounded.
You constrict Terence. Terence hits you with a +0 mace.
You barely miss Terence.
Terence is severely wounded.
You constrict Terence, but do no damage.
Terence hits you with a +0 mace!
You completely miss Terence.
Terence is severely wounded.
You constrict Terence. Terence hits you with a +0 mace.
* * * LOW HITPOINT WARNING * * *
You tentacle-slap Terence but do no damage.
Terence is severely wounded.
You constrict Terence. Terence hits you with a +0 mace.
You die...

..........### .#
............##.#
.....####.#.#..#
##........#...#
##..###.†....##
##...........#
####
#####.......#
...#
#.......##...#
#........h...#
#......###@..#
........# ...#
##......# ...#
#......# ...#
#......# ...#
...#### ####


You could see Terence.

Vanquished Creatures
  A worm (D:3)
  A dart slug (D:2)
  7 endoplasms
  A giant cockroach (D:2)
  A goblin (D:1)
  3 hobgoblins
  8 jackals
  A quokka (D:2)
  A ball python (D:2)
  2 frilled lizards (D:1)
  2 kobolds
  A rat (D:1)
29 creatures vanquished.

Vanquished Creatures (others)
  A ball python (D:2)
1 creature vanquished.

Grand Total: 30 creatures vanquished

Notes
Turn   | Place    | Note
-------+----------+-------------------------------------------
     0 | D:1      | timneilson the Octopode Shapeshifter began the quest for
                  | the Orb.
     0 | D:1      | Reached XP level 1. HP: 13/13 MP: 1/1
   125 | D:1      | You fall into a shaft and drop 1 floor!
   159 | D:2      | Reached XP level 2. HP: 12/18 MP: 2/2
   515 | D:1      | Found a faded altar of an unknown god.
   818 | D:2      | Reached skill level 1 in Stealth
   818 | D:2      | Reached XP level 3. HP: 20/23 MP: 3/3
  1767 | D:3      | Noticed Terence
  1771 | D:3      | Slain by Terence

Illustrated notes

Levels and vault maps discovered:
D:1:      eino_arrival_druids_welcome, layout_loops_cross,
          dilly_ecumenical_altar_fadedgnrine
D:2:      layout_basic
D:3:      minmay_general_purpose_star, layout_rooms,
          cheibrodos_sewer_entry_bend, uniq_terence

Skill      XL: |  1  2 |
---------------+-------+-----
Stealth        | 1 |  1.0
Fighting       | |  1.6
Dodging        | |  2.4
Unarmed Combat | |  3.3
Spellcasting   | |  0.6
Shapeshifting  | |  3.2

Action                     || total
---------------------------++-------
  Melee: Unarmed           ||    65
         Tentacles         ||    13
         Constrict         ||    14
         Punch             ||     3
    Use: Scroll            ||     3
   Stab: Sleeping          ||     4
 Armour: Skin              ||    20
  Dodge: Dodged            ||    23

Table legend: (Time is in decaauts)
 A = Elapsed time spent in this place.
 B = Non-inter-level travel time spent in this place.
 C = Inter-level travel time spent in this place.
 D = Time resting spent in this place.
 E = Time spent auto-exploring this place.
 F = Levels seen in this place.
 G = Mean time per level.
                   A        B        C        D        E       F      G
               +--------+--------+--------+--------+--------+-----+--------+
         Total |   1766 |   1673 |     93 |    100 |   1197 |   3 |  588.7 |
       Dungeon |   1766 |   1673 |     93 |    100 |   1197 |   3 |  588.7 |
               +--------+--------+--------+--------+--------+-----+--------+

Top non-repeatable levels by time:
     D:2: 1024 daAuts
     D:1: 644 daAuts
     D:3: 97 daAuts
